Map: [ESL] Dragon Scales

Players

ShaDoWn

  • Race: Protoss Protoss
  • Spawn Location: 11:00

AqueroN - Winner!

  • Race: Terran Terran
  • Spawn Location: 5:00

Event: ESL SC2 Masters 2023 Summer (Regionals)

VOD

Have the link to the VOD?

Description

Time

  • Played on: May 3, 2023, 9:43 a.m.
  • Length: 11:06

All games in this series

Show
View Real Time Build Order
Export as new Build Order

ShaDoWn Protoss 

Build Orders: 1 Gate Expand, Oracle Opening, Colossus Rush 

Get SALT Encoding   

  12  0:01  Probe  
  13  0:13  Probe  
  14  0:18  Pylon  
  14  0:25  Probe  
  15  0:36  Gateway  
  15  0:37  Probe (Chrono Boost)  
  16  0:44  Assimilator  
  16  0:47  Probe (Chrono Boost)  
  17  0:52  Probe (Chrono Boost)  
  18  1:03  Probe  
  19  1:15  Probe  
  20  1:26  Cybernetics Core  
  20  1:34  Nexus  
  20  1:39  Pylon  
  20  1:43  Probe  
  21  1:49  Assimilator  
  20  1:55  Probe  
  20  2:00  Adept (Chrono Boost)  
  21  2:07  Probe (Chrono Boost)  
  24  2:17  Probe (Chrono Boost)  
  24  2:22  Probe (Chrono Boost), Adept  
  25  2:28  Stargate  
  28  2:33  Probe  
  29  2:40  Warp Gate (Chrono Boost)  
  29  2:46  Probe (Chrono Boost)  
  31  2:51  Probe (Chrono Boost)  
  31  2:52  Adept  
  31  2:55  Probe (Chrono Boost)  
  35  2:59  Probe (Chrono Boost)  
  35  3:00  Probe (Chrono Boost)  
  36  3:08  Oracle (Chrono Boost)  
  36  3:10  Probe  
  36  3:12  Probe  
  41  3:18  Gateway  
  41  3:22  Probe  
  41  3:24  Probe  
  41  3:26  Pylon  
  43  3:34  Probe  
  43  3:36  Probe  
  45  3:46  Probe, Robotics Facility  
  48  3:48  Probe  
  48  3:50  Assimilator  
  48  3:52  Assimilator  
  49  3:57  Pylon  
  49  3:58  Probe  
  49  4:00  Probe  
  51  4:09  Shield Battery  
  49  4:10  Probe  
  49  4:13  Probe  
  49  4:15  Pylon  
  48  4:22  Probe  
  49  4:25  Probe  
  49  4:29  Stalker x2  
  49  4:30  Immortal (Chrono Boost)  
  54  4:37  Robotics Bay  
  58  4:39  Probe  
  58  4:40  Pylon  
  59  4:52  Probe  
  60  4:57  Pylon  
  60  4:58  Sentry  
  62  5:00  Immortal (Chrono Boost)  
  62  5:05  Sentry  
  68  5:18  Nexus  
  68  5:24  Adept  
  68  5:25  Gateway  
  70  5:29  Adept  
  70  5:31  Probe, Colossus (Chrono Boost)  
  79  5:42  Probe  
  70  5:48  Extended Thermal Lance  
  70  5:49  Probe  
  71  5:54  Probe  
  71  5:55  Pylon  
  71  5:57  Twilight Council  
  72  5:59  Forge  
  72  6:01  Probe, Sentry  
  75  6:06  Probe  
  72  6:13  Probe, Colossus (Chrono Boost)  
  72  6:18  Probe  
  69  6:25  Probe  
  69  6:27  Stalker x3  
  69  6:30  Probe, Blink  
  76  6:34  Probe, Gateway  
  76  6:37  Probe  
  78  6:45  Probe  
  79  6:47  Gateway  
  79  6:50  Probe  
  80  6:58  Probe, Colossus (Chrono Boost)  
  80  7:00  Probe  
  72  7:02  Probe  
  72  7:05  Zealot  
  72  7:06  Zealot x2  
  81  7:12  Assimilator  
  81  7:13  Assimilator  
  81  7:14  Protoss Ground Weapons Level 1  
  81  7:17  Gateway  
  81  7:19  Gateway  
  81  7:23  Probe  
  81  7:28  Sentry x2  
  81  7:29  Stalker  
  88  7:37  Pylon  
  88  7:39  Pylon  
  88  7:40  Colossus (Chrono Boost)  
  94  7:44  Pylon  
  94  7:45  Pylon  
  94  7:50  Stalker x2  
  98  7:54  Stalker  
  98  7:55  Zealot x2  
  98  8:12  Nexus  
  98  8:15  Pylon, Stalker x3  
  98  8:19  Stalker x2  
  108  8:23  Observer (Chrono Boost)  
  109  8:37  Probe  
  109  8:38  Zealot x2, Templar Archives, Stalker x3  
  109  8:39  Observer (Chrono Boost)  
  121  8:49  Zealot x2  
  121  8:55  Probe, Pylon  
  122  9:01  Disruptor  
  122  9:02  Robotics Facility  
  123  9:09  Pylon  
  125  9:14  Charge (Chrono Boost)  
  125  9:15  Zealot  
  125  9:16  Probe  
  128  9:21  Observer  
  128  9:22  Zealot x2  
  132  9:24  Probe  
  132  9:25  Probe  
  132  9:30  Probe  
  132  9:31  Probe  
  132  9:37  Disruptor, Zealot, Stalker x4  
  145  9:39  Shield Battery  
  145  9:44  Stalker x2  
  145  9:45  Shield Battery  
  149  9:50  Shield Battery  
  149  9:51  Probe  
  146  9:57  Disruptor (Chrono Boost)  
  125  10:03  Zealot x5  
  95  10:19  Disruptor (Chrono Boost)  
  95  10:20  Stalker x2  
  84  10:28  Zealot x2, Stalker x2  
  91  10:29  Zealot  
  91  10:30  Disruptor (Chrono Boost)  
  96  10:46  Stalker x2  
  98  10:52  Zealot x4  
  98  10:54  Zealot  
Show
View Real Time Build Order
Export as new Build Order

AqueroN Terran - Winner!

Build Orders:  

Get SALT Encoding   

  12  0:00  SCV  
  13  0:12  SCV  
  14  0:17  Supply Depot  
  14  0:24  SCV  
  15  0:38  SCV  
  15  0:41  Barracks  
  16  0:48  Refinery  
  16  0:51  SCV  
  17  1:03  SCV  
  18  1:15  Engineering Bay, SCV  
  19  1:29  Orbital Command  
  19  1:30  Marine  
  20  1:48  Barracks Reactor  
  20  1:58  Command Center  
  20  1:59  SCV  
  21  2:06  Supply Depot  
  21  2:11  SCV  
  21  2:15  Barracks  
  22  2:23  SCV  
  22  2:27  Marine  
  22  2:28  Barracks  
  24  2:30  Marine  
  24  2:35  SCV  
  26  2:45  Marine  
  26  2:48  SCV, Marine  
  29  3:00  SCV  
  29  3:02  Refinery  
  29  3:03  Barracks Tech Lab  
  30  3:06  Marine  
  30  3:10  Marine  
  30  3:12  Orbital Command  
  32  3:14  SCV  
  32  3:15  Barracks Tech Lab  
  33  3:20  Engineering Bay  
  33  3:23  Stimpack, Marine  
  33  3:26  Marine  
  35  3:30  SCV  
  35  3:32  Marine  
  37  3:37  Supply Depot  
  37  3:40  Marine  
  38  3:44  SCV x2  
  38  3:46  Marine  
  41  3:49  Combat Shield  
  41  3:55  Terran Infantry Weapons Level 1  
  41  3:57  Marine  
  41  3:59  SCV  
  41  4:01  SCV  
  41  4:02  Marine x2  
  44  4:12  Marine  
  44  4:14  Supply Depot  
  44  4:15  Marine  
  46  4:17  SCV x2  
  46  4:22  Marauder  
  46  4:23  Marauder  
  52  4:30  SCV x2, Missile Turret  
  54  4:35  Marine  
  54  4:37  Missile Turret  
  55  4:39  Marine  
  55  4:44  Supply Depot  
  56  4:47  Marine x2  
  56  4:48  SCV x2  
  59  4:57  Factory  
  59  5:00  Marine  
  59  5:01  Marine  
  59  5:02  SCV  
  59  5:05  SCV  
  59  5:06  Concussive Shells  
  63  5:08  Supply Depot  
  63  5:10  Marine  
  63  5:11  Marine  
  65  5:14  SCV  
  65  5:17  SCV  
  65  5:18  Supply Depot  
  65  5:21  Marine x2  
  68  5:26  SCV  
  70  5:29  Marine x2, SCV  
  57  5:43  Marine x2  
  57  5:44  SCV x2  
  57  5:48  Marauder x2  
  57  5:49  Factory Reactor, Terran Infantry Armor Level 1  
  64  5:52  Starport  
  61  6:02  Command Center  
  61  6:04  Marine  
  62  6:10  SCV  
  63  6:14  Marauder x2  
  63  6:22  Marine x2  
  63  6:28  Barracks  
  63  6:29  Barracks, Refinery  
  63  6:32  SCV, Supply Depot  
  64  6:33  SCV  
  64  6:35  Medivac, Factory Reactor  
  64  6:37  Medivac  
  69  6:40  Marine x2  
  69  6:43  Supply Depot  
  69  6:47  SCV x2  
  73  6:49  Marauder  
  62  7:02  Marine x2  
  62  7:03  Marauder  
  62  7:05  SCV  
  62  7:06  SCV  
  66  7:10  Medivac x2  
  66  7:11  Marauder  
  66  7:14  Orbital Command  
  72  7:18  Engineering Bay  
  72  7:19  Barracks Reactor, Barracks Tech Lab  
  72  7:23  Supply Depot  
  72  7:25  Marine  
  72  7:26  Marine, Marauder  
  72  7:27  Refinery  
  72  7:28  SCV  
  72  7:29  SCV  
  78  7:32  Marauder  
  78  7:33  Orbital Command  
  78  7:36  Widow Mine x2  
  84  7:39  Marauder  
  84  7:43  Starport, Marine x2  
  88  7:46  SCV x2  
  88  7:48  Marauder  
  92  7:52  Viking  
  92  7:53  Marauder  
  92  7:56  Marine x2  
  92  7:58  SCV x2  
  99  8:10  Marauder x2, Marine x2  
  99  8:11  Viking  
  106  8:13  SCV x3  
  109  8:23  Bunker  
  109  8:25  SCV x2, Supply Depot  
  109  8:27  Viking  
  113  8:30  Supply Depot  
  113  8:31  Marine x4  
  113  8:33  Marauder x2  
  121  8:35  Viking  
  121  8:40  SCV x2  
  125  8:41  Supply Depot  
  125  8:47  SCV  
  126  8:50  Viking x2  
  126  8:52  Supply Depot  
  126  8:55  Marine x3  
  129  9:00  Marauder x2  
  129  9:01  Ghost Academy  
  135  9:05  Marine, Refinery  
  135  9:07  Marauder  
  138  9:11  SCV x2  
  138  9:12  SCV  
  138  9:14  Viking x2  
  138  9:15  Marine x2  
  147  9:19  Refinery  
  147  9:23  Viking x2  
  148  9:38  Marauder  
  148  9:39  Marauder x2, Marine x4  
  148  9:44  Engineering Bay  
  156  9:46  Armory  
  145  10:02  Marine x2  
  145  10:04  Marauder x2  
  135  10:11  Marine x2  
  135  10:12  Marauder, Viking x4  
  138  10:24  Marine x2  
  138  10:25  Marauder, Command Center  
  142  10:29  SCV x3  
  145  10:41  Marauder  
  145  10:42  Marauder  
Tags
 
Add a new tag
Caveats
  • Supply blocks, unpowered buildings, or Contaminate may cause inaccurate times.
  • Supply counts are checked every 10 seconds.